 Dungeon Crawl Stone Soup version 0.30.0-29-ga12c61a403 (webtiles) character file.

Game seed: 5356418635865612286

137 Descartes the Digger (level 5, -6/35 HPs)
             Began as a Formicid Earth Elementalist on June 21, 2023.
             Mangled by an ogre
             ... wielding a +0 giant spiked club
              (28 damage)
             ... on level 3 of the Dungeon.
             The game lasted 00:04:31 (2113 turns).

Descartes the Digger (Formicid Earth Elementalist)  Turns: 2113, Time: 00:04:32

Health: -6/35      AC:  2    Str: 15    XL:     5   Next: 44%
Magic:  0/9        EV: 12    Int: 14    God:
Gold:   80         SH:  0    Dex: 14    Spells: 9/10 levels left

rFire   . . .        (no weapon)
rCold   . . .        (no shield)
rNeg    . . .        a - +0 robe
rPois   .            (helmet unavailable)
rElec   .            (no cloak)
rCorr   .            (no gloves)
SInv    +            (no boots)
Will    +....        e - amulet of guardian spirit
Stlth   ++           g - ring of willpower
HPRegen 0.25/turn    (no ring)
MPRegen 0.11/turn

%: guardian spirit
@: no status effects
A: permanent stasis, dig shafts and tunnels, antennae 3, four strong arms
a: Dig, Shaft Self


You were on level 3 of the Dungeon.
You visited 1 branch of the dungeon, and saw 3 of its levels.

You collected 80 gold pieces.

Inventory:

Missiles
 h - 3 javelins
 i - 4 poisoned darts
Armour
 a - a +0 robe (worn)
 l - a +0 chain mail
Jewellery
 e - an amulet of guardian spirit (around neck)
 g - a ring of willpower (left hand)
Scrolls
 c - a scroll of identify {unknown}
 d - a scroll of vulnerability {unknown}
 k - 2 scrolls of teleportation {unknown}
 n - a scroll of poison {unknown}
 p - a scroll of immolation {unknown}
Potions
 f - 2 potions of lignification {unknown}
 j - 2 potions of degeneration {unknown}
 m - a potion of attraction {unknown}
 o - a potion of berserk rage {unknown}
 q - a potion of curing {unknown}


   Skills:
 + Level 1.8 Armour
 - Level 1.7 Dodging
 - Level 2.4 Stealth
 + Level 2.2 Shields
 + Level 3.0 Spellcasting
 - Level 1.1 Transmutations
 * Level 5.0 Earth Magic
 + Level 1.7 Evocations


You had 9 spell levels left.
You knew the following spells:

 Your Spells              Type           Power      Damage    Failure   Level
a - Sandblast             Erth           32%        2d9       2%          1

Your spell library contained the following spells:

 Spells                   Type           Power      Damage    Failure   Level
 Passwall                 Tmut/Erth      8%         N/A       10%         2
 Slow                     Hex            8%         N/A       22%         1
 Stone Arrow              Conj/Erth      18%        3d8       22%         3
 Petrify                  Tmut/Erth      10%        N/A       52%         4
 Confusing Touch          Hex            2%         N/A       54%         3
 Vampiric Draining        Necr           2%         2d6       54%         3


Dungeon Overview and Level Annotations

Branches:
Dungeon (3/15)

Altars:

Shops:
D:3 *


Innate Abilities, Weirdness & Mutations

You cannot be hasted, slowed, berserked, paralysed or teleported.
You can dig through walls and to a lower floor.
You have a pair of large antennae on your head. (SInv)
Your four strong arms can wield two-handed weapons with a shield.


Message History

Confirm with . or Enter, or press ? or * to list all spells.
Aiming: Sandblast (safe; 2% risk of failure)
Press: ? - help, Shift-Dir - straight line, f/p - giant cockroach
Aim: a giant cockroach (82% to hit)
The blast of sand hits the giant cockroach.
You kill the giant cockroach!
The adder bites you.
You are poisoned.
The adder poisons you!
Casting: Sandblast (safe; 2% risk of failure)
Confirm with . or Enter, or press ? or * to list all spells.
Aiming: Sandblast (safe; 2% risk of failure)
Press: ? - help, Shift-Dir - straight line, f - adder
Aim: an adder (severely wounded, 70% to hit)
The blast of sand hits the adder!
You kill the adder!
You feel sick.
The kobold throws a stone.
The stone hits you but does no damage.
Your Spellcasting skill increases to level 3!
Your Earth Magic skill increases to level 5!
Casting: Sandblast (safe; 2% risk of failure)
Confirm with . or Enter, or press ? or * to list all spells.
Aiming: Sandblast (safe; 2% risk of failure)
Press: ? - help, Shift-Dir - straight line, f - kobold
Aim: a kobold, wielding a +0 dagger and quivering stones (77% to hit)
The blast of sand hits the kobold!
You kill the kobold!
You feel sick.
Casting: Sandblast (safe; 2% risk of failure)
Confirm with . or Enter, or press ? or * to list all spells.
Aiming: Sandblast (safe; 2% risk of failure)
Press: ? - help, Shift-Dir - straight line, f - ogre
Aim: an ogre, wielding a +0 giant spiked club (91% to hit)
The blast of sand hits the ogre.
The ogre is lightly wounded.
You feel sick.
You are no longer poisoned.
The ogre hits you with a +0 giant spiked club!!
Ouch! That really hurt!
You die...

.~~≈~..# #.## ###
#.# K~~~.:# #.# #.#
..~..## #######.#
#.####.# {{.⌠..
....(...# #.......
{.. #######.#
######.# #####.#
#.# #.#
......######### #)#
#.#
.........†....###.#
##.#
......####.....O@.#
##... ..#.#.#
#.##.###.# ##.... .
#.#.# #.##.# #.#
.#######..... #.#.#
#.##.# #.#
.........^... . ...
..##.# #.#
########..... # ...
...... ... ##....
#. #####.# ...
##... #.# .#. ###.#
#.# #######.)..


You could see an ogre.

Vanquished Creatures
  A howler monkey (D:3)
  An orc priest (D:3)
  An adder (D:3)
  A dart slug (D:1)
  3 orcs (D:3)
  8 endoplasms
  5 giant cockroaches
  4 goblins
  4 hobgoblins
  3 jackals (D:2)
  3 quokkas
  2 ball pythons (D:1)
  4 bats
  2 frilled lizards
  4 kobolds
  4 rats
50 creatures vanquished.

Notes
Turn   | Place    | Note
-------+----------+-------------------------------------------
     0 | D:1      | Descartes the Formicid Earth Elementalist began the quest
                  | for the Orb.
     0 | D:1      | Reached XP level 1. HP: 13/13 MP: 3/3
   214 | D:1      | Reached XP level 2. HP: 19/19 MP: 3/5
   509 | D:1      | Reached skill level 4 in Earth Magic
   580 | D:1      | Found a faded altar of an unknown god.
   680 | D:1      | Reached skill level 1 in Shields
   802 | D:1      | Reached XP level 3. HP: 24/24 MP: 1/6
  1109 | D:2      | Reached skill level 1 in Armour
  1397 | D:2      | Reached skill level 1 in Evocations
  1843 | D:3      | Reached XP level 4. HP: 30/30 MP: 2/8
  1938 | D:3      | Found Hegon's General Store.
  2085 | D:3      | Reached XP level 5. HP: 28/35 MP: 2/9
  2095 | D:3      | Noticed an ogre
  2112 | D:3      | Reached skill level 5 in Earth Magic
  2113 | D:3      | Mangled by an ogre

Illustrated notes

Levels and vault maps discovered:
D:1:      heliophobic_arrival_enchanted_forest, layout_basic,
          shapermc_ecumenical_altar_venn
D:2:      layout_basic
D:3:      layout_loops_ring, kiku_gazebo_pond_becter, serial_shops,
          shop_fountains

Skill      XL: |  1  2  3  4  5 |
---------------+----------------+-----
Earth Magic    | 4 5 |  5.0
Shields        | 1 2 |  2.2
Armour         | 1 |  1.8
Evocations     | 1 |  1.7
Spellcasting   | 3 |  3.0
Dodging        | |  1.7
Stealth        | |  2.4
Transmutations | |  1.1

Action                     |  1- 3 |  4- 6 || total
---------------------------+-------+-------++-------
   Cast: Sandblast         |    53 |    19 ||    72
    Use: Potion            |       |     1 ||     1
 Armour: Robe              |     2 |     5 ||     7
  Dodge: Dodged            |     9 |     5 ||    14
